 Dungeon Crawl Stone Soup version 0.31-a0-703-gcfe89afef6 (webtiles) character file.

Game seed: 11553897212082947675

11786 zazu2006 the Thaumaturge (level 11, -13/84 HPs)
             Began as a Gnoll Wanderer on Sept 9, 2023.
             Was a Believer of Vehumet.
             Mangled by an ettin
             ... wielding a +0 dire flail
              (30 damage)
             ... on level 1 of the Orcish Mines.
             The game lasted 00:37:08 (14250 turns).

zazu2006 the Thaumaturge (Gnoll Wanderer)          Turns: 14250, Time: 00:37:09

Health: -13/84     AC:  7    Str: 13    XL:     11   Next: 83%
Magic:  13/24      EV: 13    Int: 15    God:    Vehumet [**....]
Gold:   1341       SH:  0    Dex: 11    Spells: 25/29 levels left

rFire   . . .        a - +3 mace
rCold   . . .        (no shield)
rNeg    + . .        c - +0 leather armour
rPois   .            I - +0 helmet
rElec   .            (no cloak)
rCorr   .            d - +0 pair of gloves
SInv    .            E - +0 pair of boots
Will    +....        M - amulet of regeneration
Stlth   +++          v - ring of positive energy
HPRegen 1.14/turn    x - ring of willpower
MPRegen 0.19/turn

%: no passive effects
@: no status effects
A: fangs 1, strong nose, distributed training
a: Renounce Religion


You were on level 1 of the Orcish Mines.
You worshipped Vehumet.
Vehumet was pleased with you.
You visited 3 branches of the dungeon, and saw 13 of its levels.

You collected 1492 gold pieces.
You spent 151 gold pieces at shops.

Inventory:

Hand Weapons
 a - a +3 mace (weapon)
 n - a +4 halberd
 y - a +2 flail of protection
 F - the +5 quarterstaff "Transmigrator" {heavy, Will+}
   (You found it on level 7 of the Dungeon)

   Will+:     It increases your willpower.
Missiles
 w - 2 curare-tipped darts
Armour
 c - a +0 leather armour (worn)
 d - a +0 pair of gloves (worn)
 r - a +0 buckler
 s - a scarf of shadows
 z - a +2 ring mail of positive energy
 E - a +0 pair of boots (worn)
 I - a +0 helmet (worn)
Jewellery
 p - an amulet of guardian spirit
 v - a ring of positive energy (left hand)
 x - a ring of willpower (right hand)
 K - a ring of ice
 M - an amulet of regeneration (around neck)
Wands
 b - a wand of flame (19)
 C - a wand of iceblast (5)
 P - a wand of polymorph (2)
Scrolls
 f - a scroll of acquirement
 g - 2 scrolls of noise {unknown}
 i - 10 scrolls of teleportation
 j - a scroll of enchant weapon {unknown}
 o - 2 scrolls of silence {unknown}
 u - a scroll of blinking
 A - 2 scrolls of vulnerability
 B - 5 scrolls of enchant armour {unknown}
 H - 3 scrolls of immolation
 L - a scroll of poison {unknown}
Potions
 e - 2 potions of brilliance
 h - 4 potions of lignification
 k - 3 potions of mutation
 l - a potion of resistance
 m - 4 potions of attraction {unknown}
 t - a potion of enlightenment
 D - a potion of haste
 J - a potion of ambrosia {unknown}
 N - a potion of curing
 O - a potion of cancellation {unknown}


   Skills:
 + Level 7.3 Fighting
 + Level 6.8 Short Blades
 + Level 6.8 Long Blades
 + Level 6.8 Axes
 + Level 9.5 Maces & Flails
 + Level 6.8 Polearms
 + Level 6.8 Staves
 + Level 6.8 Ranged Weapons
 + Level 6.8 Throwing
 + Level 7.3 Armour
 + Level 6.8 Dodging
 + Level 6.8 Stealth
 + Level 6.8 Shields
 + Level 6.8 Unarmed Combat
 + Level 9.9 Spellcasting
 + Level 5.6 Conjurations
 + Level 5.6 Hexes
 + Level 5.6 Summonings
 + Level 5.6 Necromancy
 + Level 5.6 Translocations
 + Level 5.6 Transmutations
 + Level 5.6 Fire Magic
 + Level 5.6 Ice Magic
 + Level 6.1 Air Magic
 + Level 5.6 Earth Magic
 + Level 5.6 Poison Magic
 + Level 7.4 Invocations
 + Level 7.3 Evocations
 + Level 6.2 Shapeshifting


You had 25 spell levels left.
You knew the following spells:

 Your Spells              Type           Power      Damage    Failure   Level
a - Shock                 Conj/Air       100%       1d9       1%          1
b - Mephitic Cloud        Conj/Pois/Air  24%        N/A       3%          3

Your spell library contained the following spells:

 Spells                   Type           Power      Damage    Failure   Level
 Scorch                   Fire           48%        2d7       1%          2
 Sandblast                Erth           48%        2d12      1%          1
 Summon Small Mammal      Summ           96%        N/A       1%          1
 Passwall                 Tmut/Erth      20%        N/A       1%          2
 Stone Arrow              Conj/Erth      48%        3d10      3%          3
 Vhi's Electric Charge    Tloc/Air       50%        N/A       11%         4
 Arcjolt                  Conj/Air       12%        1d22      30%         5
 Alistair's Intoxication  Tmut/Pois      16%        N/A       32%         5
 Borgnjor's Vile Clutch   Necr/Erth      12%        N/A       32%         5
 Plasma Beam              Fire/Air       12%        2x1d23    86%         6
 Eringya's Noxious Bog    Tmut/Pois      12%        4d6       88%         6


Dungeon Overview and Level Annotations

Branches:
Dungeon (11/15)            Temple (1/1) D:5            Lair (0/5) D:11
    Orc (1/2) D:11

Altars:
Ashenzari
Cheibriados
Dithmenos
Elyvilon
Fedhas
Gozag
Hepliaklqana
Kikubaaqudgha
Makhleb
Nemelex Xobeh
Okawaru
Qazlal
Ru
Sif Muna
Trog
Uskayaw
Vehumet
Wu Jian
Xom
Yredelemnul
Zin
The Shining One
Lugonu

Shops:
D:3 ?   D:4 *   D:5 (   D:7 (   D:9 (*!*(


Innate Abilities, Weirdness & Mutations

You have very sharp teeth.
Your uncanny sense of smell can sniff out nearby items.
Your experience applies equally to all skills.


Message History

The ettin barely misses the ogre.
The ettin hits the ogre with a +0 dire flail!
You catch the helpless ogre completely off-guard!
You sock the ogre!
You kill the ogre!
Vehumet accepts your kill.
Casting: Mephitic Cloud (mildly dangerous; 3% risk of failure)
Confirm with . or Enter, or press ? or * to list all spells.
Aiming: Shock (safe; 1% risk of failure)
Press: ? - help, Shift-Dir - straight line, f/p - ettin
Aim: an ettin, wielding two +0 dire flails (noxious fumes, moderately wounded, confused, 100% to hit)
The zap hits the ettin but does no damage.
The ettin is moderately wounded.
The ettin is engulfed in noxious fumes.
The ettin appears confused.
You hit the ettin.
The ettin is moderately wounded.
You hit the ettin but do no damage.
The ettin is moderately wounded.
You sock the ettin!
The ettin is moderately wounded.
The ettin closely misses you.
The ettin hits you with a +0 dire flail!
You hit the ettin but do no damage.
The ettin is moderately wounded.
You sock the ettin!
The ettin is heavily wounded.
You hit the ettin. You bite the ettin, but do no damage.
The ettin is heavily wounded.
You hit the ettin but do no damage. You bite the ettin, but do no damage.
The ettin is heavily wounded.
The ettin hits you with a +0 dire flail!!
* * * LOW HITPOINT WARNING * * *
The ettin hits you with a +0 dire flail!
* * * LOW HITPOINT WARNING * * *
Unknown command.
You hit the ettin but do no damage.
The ettin is heavily wounded.
The ettin seems less confused.
The ettin hits you with a +0 dire flail!!
You die...

## #### #.##
##... ##...##
#....##.....##
....#...... .
#..#.... #
...##.)..# ...
.......@.#....#
.#.......## #..
##...## ..#
#### .


You could see an ettin.

Vanquished Creatures
  2 centaur warriors
  Lodul (D:10)
  Pikel (D:4)
  A cyclops (D:10)
  Joseph (D:8)
  An unseen horror (D:10)
  A tengu conjurer (D:10)
  An ice devil (D:10)
  A red devil (D:10)
  Grinder (D:2)
  A slime creature (D:10)
  A shadow (D:11)
  A wraith (D:11)
  12 yaks
  3 steam dragons
  Edmund (D:5)
  2 wargs (D:11)
  Menkaure (D:5)
  2 acid dragons
  4 water moccasins
  3 orc warriors
  A black bear (D:11)
  A centaur (D:9)
  12 ogres
  A phantom (D:6)
  2 lemures
  A kobold brigand (D:9)
  4 bullfrogs
  7 scorpions
  A gnoll sergeant (D:9)
  8 wights
  4 killer bees (D:10)
  3 jellies
  2 howler monkeys (D:9)
  2 crimson imps (D:10)
  6 orc priests
  A gnoll bouda (D:6)
  An iron imp (D:10)
  2 sleepcaps (D:5)
  Terence (D:2)
  4 iguanas
  Natasha (D:2)
  Ijyb (D:4)
  11 orc wizards
  12 gnolls
  2 adders
  A shadow imp (D:8)
  A white imp (D:10)
  An ufetubus (D:5)
  2 worms (D:4)
  4 dart slugs
  37 orcs
  8 bats
  7 endoplasms
  5 giant cockroaches
  7 goblins
  11 hobgoblins
  5 jackals
  3 quokkas
  7 ball pythons
  3 frilled lizards
  16 kobolds
  6 rats
257 creatures vanquished.

Vanquished Creatures (others)
  An orc (D:8)
1 creature vanquished.

Grand Total: 258 creatures vanquished

Notes
Turn   | Place    | Note
-------+----------+-------------------------------------------
     0 | D:1      | zazu2006 the Gnoll Wanderer began the quest for the Orb.
     0 | D:1      | zazu2006 set off with the following items: a +3 mace, a
                  | potion of berserk rage, a +0 leather armour; and the
                  | following spell memorised: Shock; and the following spells
                  | available to memorise: Mephitic Cloud.
     0 | D:1      | Reached XP level 1. HP: 17/17 MP: 8/8
    51 | D:1      | Found a faded altar of an unknown god.
   200 | D:1      | Reached XP level 2. HP: 23/23 MP: 2/10
   739 | D:1      | Reached XP level 3. HP: 28/28 MP: 6/11
   891 | D:1      | Learned a level 3 spell: Mephitic Cloud
   971 | D:2      | Noticed Terence
   986 | D:2      | Killed Terence
   987 | D:2      | Reached skill level 1 in Short Blades
   987 | D:2      | Reached skill level 1 in Long Blades
   987 | D:2      | Reached skill level 1 in Axes
   987 | D:2      | Reached skill level 1 in Polearms
   987 | D:2      | Reached skill level 1 in Staves
   987 | D:2      | Reached skill level 1 in Ranged Weapons
   987 | D:2      | Reached skill level 1 in Throwing
   987 | D:2      | Reached skill level 1 in Dodging
   987 | D:2      | Reached skill level 1 in Stealth
   987 | D:2      | Reached skill level 1 in Shields
   987 | D:2      | Reached skill level 1 in Unarmed Combat
   987 | D:2      | Reached skill level 1 in Invocations
  1209 | D:2      | Reached XP level 4. HP: 34/34 MP: 10/13
  1370 | D:2      | Reached skill level 1 in Shapeshifting
  1377 | D:2      | Reached skill level 1 in Conjurations
  1377 | D:2      | Reached skill level 1 in Hexes
  1377 | D:2      | Reached skill level 1 in Summonings
  1377 | D:2      | Reached skill level 1 in Necromancy
  1377 | D:2      | Reached skill level 1 in Translocations
  1377 | D:2      | Reached skill level 1 in Transmutations
  1377 | D:2      | Reached skill level 1 in Fire Magic
  1377 | D:2      | Reached skill level 1 in Ice Magic
  1377 | D:2      | Reached skill level 1 in Earth Magic
  1377 | D:2      | Reached skill level 1 in Poison Magic
  1680 | D:2      | Noticed Natasha
  1688 | D:2      | Killed Natasha
  1689 | D:2      | Reached XP level 5. HP: 26/40 MP: 9/14
  2311 | D:3      | Found a broken altar of Ashenzari.
  2351 | D:3      | Found Axo Bugung's Magic Scroll Shop.
  2389 | D:3      | Bought a scroll of identify for 22 gold pieces
  2389 | D:3      | Bought a scroll of teleportation for 33 gold pieces
  2389 | D:3      | Bought a scroll of blinking for 82 gold pieces
  2613 | D:4      | Found a sacrificial altar of Ru.
  2614 | D:4      | Noticed Grinder
  2622 | D:3      | Paralysed by Grinder for 5 turns
  2638 | D:2      | Paralysed by Grinder for 3 turns
  2643 | D:2      | HP: 2/60 [Grinder (4)]
  2645 | D:2      | Killed Grinder
  2646 | D:2      | Reached XP level 6. HP: 3/47 MP: 6/16
  2819 | D:4      | Noticed Pikel
  3175 | D:4      | Reached XP level 7. HP: 9/52 MP: 3/18
  3920 | D:4      | Noticed Ijyb
  3939 | D:4      | Killed Ijyb
  4058 | D:4      | Found Vulaal Poiw's General Store.
  4242 | D:4      | Killed Pikel
  4243 | D:4      | Reached XP level 8. HP: 46/60 MP: 11/19
  4308 | D:4      | Found a glowing silver altar of Zin.
  4475 | D:4      | Found a shimmering altar of Xom.
  4510 | D:4      | Found a bloodstained altar of Trog.
  4524 | D:4      | Found an ornate altar of the Wu Jian Council.
  5020 | D:5      | Entered Level 5 of the Dungeon
  5033 | D:5      | Noticed Edmund
  5059 | D:5      | Killed Edmund
  5239 | D:5      | Found a staircase to the Ecumenical Temple.
  5269 | Temple   | Entered the Ecumenical Temple
  5645 | D:5      | Found Ixze's Antique Weapon Shop.
  5783 | D:5      | Noticed Menkaure
  5793 | D:5      | Killed Menkaure
  6124 | D:6      | Reached XP level 9. HP: 66/66 MP: 15/21
  6705 | D:6      | Reached skill level 5 in Fighting
  6705 | D:6      | Reached skill level 5 in Armour
  6705 | D:6      | Reached skill level 5 in Evocations
  6825 | D:6      | Found an opulent altar of Gozag.
  6967 | D:6      | Found an iron altar of Okawaru.
  7878 | D:7      | Identified the +5 quarterstaff "Transmigrator" {heavy,
                  | Will+}
  7958 | D:7      | Found Baigehio's Weapon Emporium.
  8485 | D:7      | Reached skill level 5 in Invocations
  8875 | D:8      | Found a stormy altar of Qazlal.
  8887 | D:8      | Found a hazy altar of Hepliaklqana.
  9216 | D:8      | Noticed Joseph
  9236 | D:8      | Killed Joseph
  9237 | D:8      | Reached XP level 10. HP: 20/74 MP: 20/22
 10054 | D:8      | Reached skill level 5 in Short Blades
 10054 | D:8      | Reached skill level 5 in Long Blades
 10054 | D:8      | Reached skill level 5 in Axes
 10054 | D:8      | Reached skill level 5 in Polearms
 10054 | D:8      | Reached skill level 5 in Staves
 10054 | D:8      | Reached skill level 5 in Ranged Weapons
 10054 | D:8      | Reached skill level 5 in Throwing
 10054 | D:8      | Reached skill level 5 in Dodging
 10054 | D:8      | Reached skill level 5 in Stealth
 10054 | D:8      | Reached skill level 5 in Shields
 10054 | D:8      | Reached skill level 5 in Unarmed Combat
 10325 | D:9      | Found Kaopsoewk's Distillery.
 10436 | D:9      | Found a shimmering blue altar of Sif Muna.
 10446 | D:9      | Got Sif Muna's Elucidation of Generation
 10452 | D:9      | Found an ancient bone altar of Kikubaaqudgha.
 10463 | D:9      | Found a radiant altar of Vehumet.
 10478 | D:9      | Became a worshipper of Vehumet
 10728 | D:9      | Found Benwoqi's Antique Weapon Boutique.
 11061 | D:9      | Found Jisan's General Store.
 11115 | D:9      | Found Hatoic's Hydra Hut.
 11258 | D:9      | Bought a potion of degeneration for 14 gold pieces
 11291 | D:9      | Noticed a four-headed hydra
 11353 | D:9      | Reached * piety under Vehumet
 11353 | D:9      | Offered knowledge of Freeze by Vehumet.
 11414 | D:9      | Found Facin's General Store.
 11695 | D:10     | Entered Level 10 of the Dungeon
 11705 | D:9      | Reached skill level 5 in Air Magic
 11982 | D:10     | Reached skill level 5 in Shapeshifting
 12258 | D:10     | Noticed Lodul
 12278 | D:10     | Noticed a centaur warrior
 12283 | D:10     | Killed Lodul
 12286 | D:10     | Killed a centaur warrior
 12287 | D:10     | Reached skill level 5 in Conjurations
 12287 | D:10     | Reached skill level 5 in Hexes
 12287 | D:10     | Reached skill level 5 in Summonings
 12287 | D:10     | Reached skill level 5 in Necromancy
 12287 | D:10     | Reached skill level 5 in Translocations
 12287 | D:10     | Reached skill level 5 in Transmutations
 12287 | D:10     | Reached skill level 5 in Fire Magic
 12287 | D:10     | Reached skill level 5 in Ice Magic
 12287 | D:10     | Reached skill level 5 in Earth Magic
 12287 | D:10     | Reached skill level 5 in Poison Magic
 12287 | D:10     | Reached XP level 11. HP: 62/83 MP: 13/24
 12443 | D:10     | Noticed a cyclops
 12460 | D:10     | Killed a cyclops
 12821 | D:10     | Identified 2 scrolls of acquirement
 12821 | D:10     | Acquired 417 gold pieces
 12893 | D:10     | Offered knowledge of Searing Ray by Vehumet.
 12908 | D:10     | Reached ** piety under Vehumet
 13119 | D:10     | Noticed a six-headed hydra
 13200 | D:10     | Noticed an orc knight
 13200 | D:10     | Noticed a wolf spider
 13200 | D:10     | Noticed an eight-headed hydra
 13413 | D:11     | Found a staircase to the Lair.
 13701 | D:11     | Noticed a centaur warrior
 13728 | D:11     | Killed a centaur warrior
 13804 | D:11     | Found a staircase to the Orcish Mines.
 13858 | D:11     | Offered knowledge of Scorch by Vehumet.
 13955 | D:10     | HP: 1/84 [yak (10)]
 14220 | Orc:1    | Entered Level 1 of the Orcish Mines
 14229 | Orc:1    | Noticed an ettin
 14250 | Orc:1    | Mangled by an ettin

Illustrated notes

Levels and vault maps discovered:
D:1:      lightli_arrival_lavapool, layout_rooms,
          ebering_ecumenical_altar_abandoned
D:2:      layout_loops_ring, nicolae_figureground_pulse, uniq_natasha,
          uniq_terence
D:3:      layout_rooms, mainiacjoe_overflow_chevrons, serial_shops, shop,
          hex_tiny, serial_bayou_pond_c, minmay_misc_feat_pillars,
          nicolae_titane
D:4:      layout_basic, grunt_temple_overflow_open,
          nicolae_wu_jian_wuxing_cycle, serial_shops,
          nicolae_shop_real_fake_doors, minmay_joined_circles, uniq_ijyb,
          uniq_pikel, uniq_grinder
D:5:      layout_basic, minmay_temple_entry_overgrown, serial_shops,
          nicolae_inconvenience_store, uniq_menkaure, uniq_edmund
D:6:      layout_basic, nicolae_overflow_crystal_walls, kennysheep_mini_moat
D:7:      layout_loops_ring, serial_shops, nicolae_shop_window_shopping,
          minmay_fractal_squares_5
D:8:      layout_gridville, mainiacjoe_overflow_large_starburst,
          chequers_serial_rivers_micro_c, uniq_joseph
D:9:      layout_long_grid, palyth_temple_overflow_mages, serial_shops, shop,
          nicolae_shop_scrapyard, shop, nicolae_shop_tiny_waterfront,
          doesnt_shop_hydraphobe
D:10:     minmay_the_grid_triangle_9x9_recursive_2
          [minmay_the_grid_triangle_9x9_prize_schism,
          minmay_the_grid_triangle_9x9_corrupted_corridor,
          minmay_the_grid_triangle_9x9_empty,
          minmay_the_grid_triangle_9x9_empty], layout_long_grid,
          small_chamber_with_monster, nicolae_demonic_statue_gallery, uniq_lodul
D:11:     layout_rooms, grunt_lair_entry_orc_guard_hut, erik_orc_4
Temple:   corrupted_temple
Orc:1:    layout_diamond_mine

Skill      XL: |  1  2  3  4  5  6  7  8  9 10 11 |
---------------+----------------------------------+-----
Air Magic      | 2 3 4 5 6 |  6.1
Short Blades   | 1 2 3 4 6 |  6.8
Long Blades    | 1 2 3 4 6 |  6.8
Axes           | 1 2 3 4 6 |  6.8
Polearms       | 1 2 3 4 6 |  6.8
Staves         | 1 2 3 4 6 |  6.8
Ranged Weapons | 1 2 3 4 6 |  6.8
Throwing       | 1 2 3 4 6 |  6.8
Dodging        | 1 2 3 4 6 |  6.8
Stealth        | 1 2 3 4 6 |  6.8
Shields        | 1 2 3 4 6 |  6.8
Unarmed Combat | 1 2 3 4 6 |  6.8
Invocations    | 1 2 3 4 5 6 7 |  7.4
Shapeshifting  | 1 2 3 4 5 6 |  6.2
Conjurations   | 1 2 3 4 5 |  5.6
Hexes          | 1 2 3 4 5 |  5.6
Summonings     | 1 2 3 4 5 |  5.6
Necromancy     | 1 2 3 4 5 |  5.6
Translocations | 1 2 3 4 5 |  5.6
Transmutations | 1 2 3 4 5 |  5.6
Fire Magic     | 1 2 3 4 5 |  5.6
Ice Magic      | 1 2 3 4 5 |  5.6
Earth Magic    | 1 2 3 4 5 |  5.6
Poison Magic   | 1 2 3 4 5 |  5.6
Fighting       | 3 4 5 6 7 |  7.3
Armour         | 3 4 5 6 7 |  7.3
Evocations     | 3 4 5 6 7 |  7.3
Maces & Flails | 7 8 9 |  9.5
Spellcasting   | 8 9 |  9.9

Action                     |  1- 3 |  4- 6 |  7- 9 | 10-12 || total
---------------------------+-------+-------+-------+-------++-------
  Melee: Mace              |    16 |    35 |   177 |   472 ||   700
         Bite              |     2 |     2 |    30 |    77 ||   111
         Punch             |       |     1 |    10 |    31 ||    42
         Halberd           |       |       |       |    11 ||    11
  Throw: Dart              |       |       |     4 |       ||     4
   Cast: Shock             |    64 |   101 |   210 |   122 ||   497
         Mephitic Cloud    |     1 |       |    18 |    36 ||    55
  Evoke: Wand              |       |       |     5 |    23 ||    28
    Use: Potion            |       |     2 |     1 |     4 ||     7
         Scroll            |       |       |       |    10 ||    10
   Stab: Confused          |     2 |       |     7 |    18 ||    27
         Paralysed         |       |       |    10 |     7 ||    17
         Sleeping          |       |       |       |     4 ||     4
 Armour: Leather armour    |    12 |    56 |   117 |   338 ||   523
         Skin              |       |       |       |     1 ||     1
  Dodge: Dodged            |    10 |    41 |    99 |   298 ||   448

Table legend: (Time is in decaauts)
 A = Elapsed time spent in this place.
 B = Non-inter-level travel time spent in this place.
 C = Inter-level travel time spent in this place.
 D = Time resting spent in this place.
 E = Time spent auto-exploring this place.
 F = Levels seen in this place.
 G = Mean time per level.
                   A        B        C        D        E       F      G
               +--------+--------+--------+--------+--------+-----+--------+
         Total |  14262 |  13789 |    473 |   1147 |   9686 |  13 | 1097.1 |
       Dungeon |  14214 |  13752 |    462 |   1147 |   9686 |  11 | 1292.2 |
        Temple |     19 |     10 |      9 |      0 |      0 |   1 |   19.0 |
  Orcish Mines |     28 |     28 |      0 |      0 |      0 |   1 |   28.0 |
               +--------+--------+--------+--------+--------+-----+--------+

Top non-repeatable levels by time:
     D:4: 1779 daAuts
     D:8: 1698 daAuts
    D:10: 1678 daAuts
     D:7: 1418 daAuts
     D:9: 1251 daAuts
     D:2: 1231 daAuts
     D:5: 1216 daAuts
     D:6: 1120 daAuts
     D:3: 1109 daAuts
     D:1: 921 daAuts
    D:11: 790 daAuts
   Orc:1: 28 daAuts
  Temple: 19 daAuts
